 Dungeon Crawl Stone Soup version 0.28-a0-1130-gc51a68064b (webtiles) character file.

Game seed: 11160286691538256661

93 browni3141 the Sneak (level 4, 0/35 HPs)
             Began as a Formicid Delver on Dec 13, 2021.
             Slain by a bullfrog zombie (3 damage)
             ... on level 5 of the Dungeon.
             The game lasted 00:05:55 (616 turns).

browni3141 the Sneak (Formicid Delver)               Turns: 616, Time: 00:05:55

Health: 0/35       AC:  3    Str: 18    XL:     4   Next: 92%
Magic:  4/4        EV: 11    Int: 10    God:
Gold:   18         SH:  0    Dex: 12    Spells: 3/3 levels left

rFire   . . .      SeeInvis +   g - +3 mace
rCold   . . .      Faith    .   (no shield)
rNeg    . . .      Spirit   .   b - +0 leather armour
rPois   .          Reflect  .   (helmet unavailable)
rElec   .          Harm     .   (no cloak)
rCorr   .          Rampage  .   (no gloves)
Will    .....                   (no boots)
Stlth   +++.......              (no amulet)
HPRegen 0.11/turn               (no ring)
MPRegen 0.09/turn               (no ring)

@: no status effects
A: permanent stasis, dig shafts and tunnels, antennae 3, four strong arms
a: Dig, Shaft Self


You were on level 5 of the Dungeon.
You visited 1 branch of the dungeon, and saw 2 of its levels.

You collected 18 gold pieces.

Inventory:

Hand Weapons
 a - a +0 falchion
 g - a +3 mace (weapon)
Armour
 b - a +0 leather armour (worn)
Wands
 f - a wand of digging (3)
 j - a wand of polymorph (12)
Scrolls
 c - a scroll of fog
 d - a scroll of magic mapping
 e - a scroll of fear
 h - a scroll of enchant weapon {unknown}
 i - a scroll of identify {unknown}


   Skills:
 - Level 3.2 Fighting
 - Level 2.0 Long Blades
 * Level 3.8 Maces & Flails
 - Level 1.7 Dodging
 - Level 6.0 Stealth
 + Level 1.1 Evocations


You had 3 spell levels left.
You didn't know any spells.
Your spell library was empty.

Dungeon Overview and Level Annotations

Branches:
Dungeon (5/15)
 Temple: D:4-7

Altars:


Innate Abilities, Weirdness & Mutations

You cannot be hasted, slowed, berserked, paralysed or teleported.
You can dig through walls and to a lower floor.
You have a pair of large antennae on your head. (SInv)
Your four strong arms can wield two-handed weapons with a shield.


Message History

The iguana bites you!
You are too injured to fight recklessly!
You hit the iguana.
The iguana is moderately wounded.
The iguana bites you!
* * * LOW HITPOINT WARNING * * *
Unknown command.
You thump the iguana!
The iguana is severely wounded.
The iguana closely misses you. x2
Unknown command.
You hit the iguana.
You kill the iguana!
Your Evocations skill increases to level 1!
Unknown command.
You barely miss the bullfrog zombie.
The bullfrog zombie is lightly damaged.
The bullfrog zombie barely misses you.
The bullfrog zombie hits you but does no damage.
Unknown command.
You sock the bullfrog zombie!
The bullfrog zombie is moderately damaged.
The bullfrog zombie hits you.
* * * LOW HITPOINT WARNING * * *
Unknown command.
You hit the bullfrog zombie.
The bullfrog zombie is heavily damaged.
The bullfrog zombie hits you.
* * * LOW HITPOINT WARNING * * *
The bullfrog zombie barely misses you.
Unknown command.
You sock the bullfrog zombie!
The bullfrog zombie is severely damaged.
The bullfrog zombie hits you.
* * * LOW HITPOINT WARNING * * *
Unknown command.
You hit the bullfrog zombie.
The bullfrog zombie is almost destroyed.
The bullfrog zombie closely misses you. The bullfrog zombie hits you.
You die...

##.## ##.##
{{ { # ##.##
. ##.####
....... .
##.#.##
........ l
##.#.####
....... .
####.#..
..... .
#.##.# ..!l#
. ##@#.#
..#{# #
#Z##.###.#..#
##.#.....#..#
##)######.#
##Z......#
###.#######
#.......#
#.#.###.#
#.#.#<#.#


You could see a bullfrog zombie.

Vanquished Creatures
  A jelly (D:5)
  An iguana (D:5)
  A hound zombie (D:5)
  A hound skeleton (D:5)
  An adder zombie (D:5)
  3 orcs (D:5)
  A quokka (D:5)
9 creatures vanquished.

Notes
Turn   | Place    | Note
-------+----------+-------------------------------------------
     0 | D:5      | browni3141 the Formicid Delver began the quest for the Orb.
     0 | D:5      | Reached XP level 1. HP: 18/18 MP: 1/1
    20 | D:5      | Noticed an iguana
    39 | D:4      | Noticed a jelly
    92 | D:5      | Reached XP level 2. HP: 22/24 MP: 2/2
   169 | D:5      | Noticed a yak
   180 | D:5      | Noticed a yak
   180 | D:5      | Noticed a scorpion
   259 | D:5      | Reached XP level 3. HP: 24/29 MP: 3/3
   259 | D:5      | Reached XP level 4. HP: 30/35 MP: 4/4
   612 | D:5      | Reached skill level 1 in Evocations
   616 | D:5      | Slain by a bullfrog zombie

Illustrated notes

Levels and vault maps discovered:
D:4:      cheibrodos_thug_alley, layout_loops_ring, solitary_fountain,
          uniq_robin, uniq_grinder
D:5:      layout_basic, dk_noncrumbling_4

Skill      XL: |  1  2  3  4 |
---------------+-------------+-----
Maces & Flails | 2 3 |  3.8
Evocations     | 1 |  1.1
Fighting       | |  3.2
Long Blades    | |  2.0
Dodging        | |  1.7
Stealth        | |  6.0

Action                   |  1- 3 |  4- 6 || total
-------------------------+-------+-------++-------
Melee: Mace              |    16 |    26 ||    42
 Abil: Dig               |     2 |       ||     2
Armor: Leather armour    |     6 |     1 ||     7
Dodge: Dodged            |    11 |    17 ||    28

Table legend: (Time is in decaauts)
 A = Elapsed time spent in this place.
 B = Non-inter-level travel time spent in this place.
 C = Inter-level travel time spent in this place.
 D = Time resting spent in this place.
 E = Time spent auto-exploring this place.
 F = Levels seen in this place.
 G = Mean time per level.
                   A        B        C        D        E       F      G
               +--------+--------+--------+--------+--------+-----+--------+
         Total |    638 |    638 |      0 |    150 |      0 |   2 |  319.0 |
       Dungeon |    638 |    638 |      0 |    150 |      0 |   2 |  319.0 |
               +--------+--------+--------+--------+--------+-----+--------+

Top non-repeatable levels by time:
     D:5: 632 daAuts
     D:4: 6 daAuts
